 Dungeon Crawl Stone Soup version 0.19.4-25-g1b72edd (webtiles) character file.

432 vatarom the Chopper (level 7, 0/62 HPs)
             Began as a Hill Orc Monk on Feb 28, 2017.
             Was a Follower of Ru.
             Succumbed to a worker ant's poison
             ... on level 4 of the Dungeon.
             The game lasted 00:08:56 (5079 turns).

vatarom the Chopper (Hill Orc Monk)                 Turns: 5079, Time: 00:08:57

Health: 0/62       AC:  8    Str: 15    XL:     7   Next: 0%
Magic:  7/7        EV: 10    Int: 10    God:    Ru [*.....]
Gold:   146        SH:  0    Dex: 12    Spells: 0 memorised, 6 levels left

rFire  + . .     SeeInvis .     a - +1 hand axe
rCold  + . .     Gourm    .     f - +0 scale mail
rNeg   . . .     Faith    .     (no shield)
rPois  +         Spirit   .     e - +0 helmet
rElec  +         Reflect  .     (no cloak)
rCorr  +         Harm     .     (no gloves)
MR     +....                    (no boots)
Stlth  ..........               (no amulet)
                                (no ring)
                                (no ring)

@: lethally poisoned (0 -> -2), resistant
A: clumsy 1, magic resistance 1, robust 1, inability to read while threatened
a: Renounce Religion


You were on level 4 of the Dungeon.
You worshipped Ru.
Ru was aware of your devotion.
You were not hungry.

You visited 2 branches of the dungeon, and saw 5 of its levels.

You collected 146 gold pieces.

Inventory:

Hand Weapons
 a - a +1 hand axe (weapon)
Armour
 e - a +0 helmet (worn)
 f - a +0 scale mail (worn)
Wands
 b - a wand of confusion (12/48)
 j - a wand of slowing (11/48)
Potions
 g - a potion of resistance
Comestibles
 c - 2 bread rations
 h - a beef jerky


   Skills:
 - Level 3.6 Fighting
 + Level 7.5 Axes
 - Level 5.2 Armour
 - Level 2.4 Dodging
 - Level 1.5 Stealth


You had 6 spell levels left.
You didn't know any spells.

Dungeon Overview and Level Annotations

Branches:
Dungeon (4/15)             Temple (1/1) D:4

Altars:
Ashenzari
Cheibriados
Dithmenos
Elyvilon
Gozag
Hepliaklqana
Kikubaaqudgha
Makhleb
Nemelex Xobeh
Okawaru
Ru
Trog
Uskayaw
Vehumet
Xom
Zin
The Shining One

Shops:
D:4 [*

Annotations:
D:2 Purgy
D:3 Tramtrist's ghost, amateur DgIE


Innate Abilities, Weirdness & Mutations

You cannot read scrolls while threatened.
You are clumsy. (Dex -2)
You are resistant to hostile enchantments. (MR+)
You are robust. (+10% HP)


Message History

You feel sick.
Your surroundings suddenly seem different.
* * * LOW HITPOINT WARNING * * *
You feel sick.
* * * LOW HITPOINT WARNING * * *
You feel sick.
* * * LOW HITPOINT WARNING * * *
You feel sick.
* * * LOW HITPOINT WARNING * * *
You feel sick.
Okay, then.
* * * LOW HITPOINT WARNING * * *
You feel sick.
* * * LOW HITPOINT WARNING * * *
You feel sick.
* * * LOW HITPOINT WARNING * * *
You feel sick.
* * * LOW HITPOINT WARNING * * *
You feel sick.
You die...

#.# #####.# #.# #.##..
#.# #.....# ##.###.##..
####.# #.#####
#.......... ###....# #.#
#...######.. #......# #.#
#..# #.. #..⌠...# #.#
#..# ##. ##......# #.#
#..# #. #.⌠.>.⌠.#
#.#######..# #. #.......#
#..@....#).# #. #...⌠..>#
#######<#..# #. #......##
#.#..# #. #.###.##
####....## #.....######
#........#####
#####......#
#.##..........
######.####.###.∩.#######
###...##...###..###...###
#........#..........#....


There were no monsters in sight!

Vanquished Creatures
  Edmund (D:4)
  An orc priest (D:3)
  Ijyb (D:2)
  Terence (D:2)
  2 orc wizards
  A worker ant (D:4)
  3 gnolls (D:2)
  4 adders
  2 oozes
  3 worms
  2 leopard geckos
  2 orcs (D:3)
  4 giant cockroaches
  12 goblins
  6 hobgoblins
  4 jackals
  A quokka (D:4)
  2 ball pythons (D:2)
  14 bats
  3 frilled lizards (D:2)
  8 kobolds
  11 rats
88 creatures vanquished.

Notes
Turn   | Place    | Note
-------+----------+-------------------------------------------
     0 | D:1      | vatarom the Hill Orc Monk began the quest for the Orb.
     0 | D:1      | Reached XP level 1. HP: 19/19 MP: 1/1
    40 | D:1      | Reached skill level 1 in Armour
    75 | D:1      | Reached XP level 2. HP: 6/26 MP: 2/2
   977 | D:1      | Reached XP level 3. HP: 27/31 MP: 3/3
  1828 | D:2      | Noticed Terence
  1848 | D:2      | Killed Terence
  1848 | D:2      | Reached XP level 4. HP: 15/39 MP: 4/4
  2044 | D:2      | Noticed Ijyb
  2065 | D:2      | Killed Ijyb
  2212 | D:2      | Reached XP level 5. HP: 34/45 MP: 5/5
  2222 | D:2      | Reached skill level 5 in Armour
  2516 | D:2      | Found a radiant altar of Vehumet.
  3220 | D:3      | Noticed Tramtrist's ghost (amateur DgIE)
  3233 | D:3      | Reached skill level 5 in Axes
  3282 | D:2      | HP: 2/45 [poisoned by Tramtrist's ghost]
  3750 | D:3      | Gained mutation: You are robust. (+10% HP) [potion of mutation]
  3750 | D:3      | Gained mutation: You are clumsy. (Dex -2) [potion of mutation]
  3750 | D:3      | Gained mutation: You are resistant to hostile enchantments. (MR+) [potion of mutation]
  3751 | D:3      | Reached XP level 6. HP: 24/56 MP: 6/6
  3755 | D:3      | Reached skill level 6 in Axes
  4202 | D:3      | Noticed Purgy
  4397 | D:4      | Found Ikkicezo's Antique Armour Shoppe.
  4566 | D:4      | Found Oseiben's Assorted Antiques.
  4569 | D:4      | Noticed Edmund
  4599 | D:4      | Killed Edmund
  4599 | D:4      | Reached skill level 7 in Axes
  4673 | D:4      | Found a staircase to the Ecumenical Temple.
  4701 | Temple   | Entered the Ecumenical Temple
  4889 | Temple   | Became a worshipper of Ru the Awakened
  4896 | Temple   | Gained mutation: You cannot read scrolls while threatened. [Ru sacrifice]
  4896 | Temple   | Reached * piety under Ru
  5051 | D:4      | Reached XP level 7. HP: 26/62 MP: 7/7
  5069 | D:4      | HP: 3/62 [poisoned by a worker ant]
  5074 | D:4      | HP: 1/62 [poisoned by a worker ant]
  5079 | D:4      | Succumbed to a worker ant's poison

Skill      XL: |  1  2  3  4  5  6 |
---------------+-------------------+-----
Armour         | 1 2 4 5 |  5.2
Axes           | 5 7 |  7.5
Fighting       | |  3.6
Dodging        | |  2.4
Stealth        | |  1.5

Action                   |  1- 3 |  4- 6 |  7- 9 || total
-------------------------+-------+-------+-------++-------
Melee: Hand axe          |   144 |   247 |       ||   391
Invok: Sacrifice Words   |       |     1 |       ||     1
Evoke: Wand              |       |     2 |       ||     2
  Use: Potion            |     4 |     8 |       ||    12
       Scroll            |     2 |     6 |     1 ||     9
 Stab: Sleeping          |     4 |       |       ||     4
       Confused          |       |     1 |       ||     1
  Eat: Chunk             |     3 |     5 |       ||     8
       Bread ration      |       |     2 |       ||     2
Armor: Robe              |    33 |       |       ||    33
       Leather armour    |    10 |       |       ||    10
       Scale mail        |       |   126 |       ||   126
Dodge: Dodged            |   111 |   139 |       ||   250
